 Dungeon Sprint DCSS version 0.30-a0-250-g41c1d76940 (webtiles) character file.

Game seed: 15976152704922960486

4046 rocky1 the Nimble (level 10, -15/80 HPs)
             Began as a Djinni Fire Elementalist on Oct 13, 2022.
             Was an Initiate of Gozag.
             Demolished by a shadow wraith (18 damage)
             ... in the Dungeon (Sprint VII: "The Pits").
             The game lasted 00:10:44 (2149 turns).

rocky1 the Nimble (Djinni Fire Elementalist)        Turns: 2149, Time: 00:10:44

Health: -15/80     AC: 11    Str:  7    XL:     10   Next: 48%
Gold:   1748       EV: 14    Int: 20    God:    Gozag SH:  0 Dex: 15

rFire   + + .      SeeInvis .    q - +2 scimitar (holy)
rCold   x . .      Faith    .    (no shield)
rNeg    . . .      Spirit   .    j - +3 ring mail
rPois   ∞          Reflect  .    k - +0 helmet
rElec   .          Harm     .    (no cloak)
rCorr   .          Rampage  .    (no gloves)
Will    +....      NoTele   +    (boots unavailable)
Stlth   ++++......               (no amulet)
HPRegen 0.33/turn                (no ring)
MPRegen 0.00/turn                (no ring)

@: gold aura, flying, slowed, very slow
A: sickness immunity, fire resistance 2, cold vulnerability 1, float, innate
caster, HP casting, extra vitality 1
a: Renounce Religion, Potion Petition, Call Merchant, Bribe Branch


You were in the Dungeon.
You worshipped Gozag.
Gozag was most pleased with you.
You visited 1 branch You collected 2484 gold pieces.
You paid 736 gold pieces to Gozag.

Inventory:

Hand Weapons
 i - a +2 falchion of electrocution
 p - the +2 rapier of the Doomed Warrior {vamp, Will+ SInv}
   (You found it in the Dungeon)

   It occasionally heals its wielder for a portion of the damage dealt when it
   wounds a living foe.
   SInv:      It lets you see invisible.
   Will:      It increases your willpower.
 q - a +2 scimitar of holy wrath (weapon)
Armour
 a - a +0 robe
 j - a +3 ring mail (worn)
 k - a +0 helmet (worn)
 r - a +4 chain mail
Jewellery
 l - a +3 ring of evasion
 m - a +3 ring of evasion
Scrolls
 f - a scroll of blinking
 h - a scroll of summoning
Potions
 b - 9 potions of curing
 c - 2 potions of heal wounds
 d - a potion of haste
 e - a potion of berserk rage
 g - 2 potions of invisibility
 n - 2 potions of resistance
 o - a potion of mutation


   Skills:
 + Level 9.8 Fighting
 + Level 9.1 Long Blades
 + Level 9.0 Armour
 + Level 11.0 Dodging
 + Level 9.2 Stealth
 + Level 8.2 Spellcasting


You had 3 spell levels left.
You knew the following spells:

 Your Spells              Type           Power      Damage    Failure   Level
a - Foxfire               Conj/Fire      100%       2x1d9     1%          1
b - Scorch                Fire           82%        2d9       1%          2
c - Kindle Blastsparks    Fire/Tloc/Air  82%        2d16      2%          3
d - Inner Flame           Hex/Fire       41%        N/A       2%          3
e - Flame Wave            Conj/Fire      41%        2d11      8%          4
f - Sting                 Tmut/Pois      100%       1d8       1%          1
g - Momentum Strike       Conj/Tloc      82%        3d10      1%          2
h - Gell's Gravitas       Tloc           41%        N/A       2%          3
i - Stone Arrow           Conj/Erth      82%        3d12      2%          3
Your spell library was empty.

Dungeon Overview and Level Annotations

Branches:
Dungeon (1/1)

Altars:
Ashenzari
Cheibriados
Dithmenos
Elyvilon
Fedhas
Gozag
Hepliaklqana
Makhleb
Nemelex Xobeh
Okawaru
Qazlal
Ru
Trog
Uskayaw
Wu Jian
Xom
Yredelemnul
Zin
The Shining One
Jiyva
Lugonu


Innate Abilities, Weirdness & Mutations

You are immune to sickness and miasma.
You are immune to poison.
Your flesh is very heat resistant. (rF++)
You are vulnerable to cold. (rC-)
You float through the air rather than walking.
You learn spells naturally, not from books.
Your magical power is your life essence.
You have superior vitality. (+4 MHP)


Message History

The smoke demon is severely wounded.
You are covered in liquid flames!
The smoke demon hits you. The smoke demon closely misses you.
The smoke demon hits you.
You completely miss the smoke demon.
The smoke demon is severely wounded.
You are covered in liquid flames!
The smoke demon closely misses you.
The smoke demon hits you but does no damage.
The smoke demon completely misses you.
You slash the smoke demon!
The smoke demon convulses.
You kill the smoke demon!
You are covered in liquid flames!
Your Long Blades skill increases to level 9!
Your Armour skill increases to level 9!
Your Dodging skill increases to level 11!
Deactivating autopickup; reactivate with Ctrl-A.
You barely miss something.
You are covered in liquid flames!
Something hits you.
Unknown command.
Casting: Flame Wave (dangerous; 8% risk of failure)
Confirm with . or Enter, or press ? or * to list all spells.
You can't see any susceptible monsters within range! (Use Z to cast anyway.)
Casting: Flame Wave (dangerous; 8% risk of failure)
Confirm with . or Enter, or press ? or * to list all spells.
Casting: Flame Wave (dangerous; 8% risk of failure)
Press: ? - help, Dir - look around, f - activate A wave of flame ripples out!
The flame wave engulfs something! (Press . to intensify the flame waves.)
* * * LOW HITPOINT WARNING * * *
You are covered in liquid flames!
Something hits you!!
* * * LOW HITPOINT WARNING * * *
Something drains your vigour!
You feel yourself slow down.
A wave of flame ripples out!
The flame wave engulfs something!
* * * LOW HITPOINT WARNING * * *
Something hits you!!
You die...
Your body crumbles into a pile of gold.

'................+
#......#..#......#
#................#
####'#####''######
#.......##''# #####
#.......##..###...#
#.......##...##...# .#
#...<...###...##)##..##
#.......# ##....@.$...#
#.......###..###$###...#
#.......##..## ..$ .#
##########..+ .....
##########..##.....#
...#..[.###.r###+###
...#...[# ##. ...'..).#
.. ...#..))# °#


There were no monsters in sight!

Vanquished Creatures
  A two-headed ogre (D)
  A smoke demon (D)
  A polar bear (D)
  Grinder (D)
  6 dream sheep (D)
  A flying skull (D)
  A jumping spider (D)
  A yak (D)
  A redback (D)
  Menkaure (D)
  4 hell hounds (D)
  Duvessa (D)
  A swamp drake (D)
  A black bear (D)
  A kobold brigand (D)
  A bullfrog (D)
  A necrophage (D)
  Dowan (D)
  A hound (D)
  A gnoll (D)
  An adder (D)
  2 river rats (D)
  A bat (D)
  A bat skeleton (D)
  An endoplasm (D)
  A giant cockroach (D)
  2 hobgoblins (D)
  A quokka (D)
  A frilled lizard (D)
  A kobold (D)
  2 rats (D)
42 creatures vanquished.

Vanquished Creatures (others)
  21 foxfires (D)
21 creatures vanquished.

Grand Total: 63 creatures vanquished

Notes
Turn   | Place    | Note
-------+----------+-------------------------------------------
     0 | D        | rocky1 the Djinni Fire Elementalist began the quest for the
                  | Orb.
     0 | D        | rocky1 set off with the following spells memorised:
                  | Foxfire, Scorch, Kindle Blastsparks, Inner Flame, Flame
                  | Wave.
     0 | D        | Reached XP level 1. HP: 15/15 MP: 0/0
    41 | D        | Found a bloodstained altar of Trog.
    41 | D        | Found a viscous altar of Jiyva.
    41 | D        | Found a hazy altar of Hepliaklqana.
    41 | D        | Found an opulent altar of Gozag.
    42 | D        | Found a glowing golden altar of the Shining One.
    42 | D        | Found a glowing silver altar of Zin.
    42 | D        | Found a basalt altar of Yredelemnul.
    42 | D        | Found a shimmering altar of Xom.
    42 | D        | Found an ornate altar of the Wu Jian Council.
    42 | D        | Found a sacrificial altar of Ru.
    42 | D        | Found a stormy altar of Qazlal.
    42 | D        | Found an iron altar of Okawaru.
    42 | D        | Found a sparkling altar of Nemelex Xobeh.
    42 | D        | Found a burning altar of Makhleb.
    42 | D        | Found a blossoming altar of Fedhas.
    42 | D        | Found a white marble altar of Elyvilon.
    42 | D        | Found a shadowy altar of Dithmenos.
    42 | D        | Found a snail-covered altar of Cheibriados.
    44 | D        | Found a corrupted altar of Lugonu.
    45 | D        | Found a hide-covered altar of Uskayaw.
    45 | D        | Found a broken altar of Ashenzari.
    51 | D        | Became a worshipper of Gozag Ym Sagoz the Greedy
    70 | D        | Reached skill level 1 in Fighting
    85 | D        | Reached skill level 1 in Long Blades
    85 | D        | Reached skill level 3 in Dodging
    85 | D        | Reached XP level 2. HP: 15/23 MP: 0/0
   158 | D        | Reached XP level 3. HP: 26/28 MP: 0/0
   158 | D        | Learned a level 1 spell: Sting
   331 | D        | Noticed a bullfrog
   331 | D        | Noticed a kobold brigand
   342 | D        | Killed a bullfrog
   343 | D        | Reached skill level 4 in Dodging
   343 | D        | Reached XP level 4. HP: 20/35 MP: 0/0
   351 | D        | Reached skill level 5 in Dodging
   351 | D        | Reached XP level 5. HP: 41/41 MP: 0/0
   351 | D        | Learned a level 2 spell: Momentum Strike
   352 | D        | Killed a kobold brigand
   353 | D        | Reached XP level 6. HP: 48/48 MP: 0/0
   408 | D        | Noticed a yak
   419 | D        | Killed a yak
   420 | D        | Reached skill level 5 in Fighting
   420 | D        | Reached skill level 5 in Long Blades
   420 | D        | Reached skill level 6 in Dodging
   420 | D        | Reached skill level 5 in Stealth
   420 | D        | Reached skill level 5 in Spellcasting
   489 | D        | Noticed a flying skull
   489 | D        | Noticed a black bear
   489 | D        | Noticed Menkaure
   493 | D        | Killed Menkaure
   494 | D        | Reached skill level 7 in Dodging
   494 | D        | Reached XP level 7. HP: 55/55 MP: 0/0
   494 | D        | Learned a level 3 spell: Gell's Gravitas
   503 | D        | Reached skill level 5 in Armour
   538 | D        | Killed a flying skull
   539 | D        | Reached XP level 8. HP: 36/62 MP: 0/0
   546 | D        | Noticed Grinder
   546 | D        | Noticed a dream sheep
   546 | D        | Noticed a dream sheep
   546 | D        | Noticed a dream sheep
   546 | D        | Noticed a dream sheep
   546 | D        | Noticed a dream sheep
   546 | D        | Noticed a dream sheep
   637 | D        | Killed a dream sheep
   638 | D        | Reached skill level 8 in Dodging
   639 | D        | Killed a dream sheep
   649 | D        | Killed a dream sheep
   649 | D        | Killed a dream sheep
   650 | D        | Reached skill level 9 in Dodging
   650 | D        | Reached XP level 9. HP: 40/70 MP: 0/0
   650 | D        | Learned a level 3 spell: Stone Arrow
   650 | D        | Killed Grinder
   996 | D        | Got the +2 rapier of the Doomed Warrior {vamp, Will+ SInv}
  1152 | D        | Reached skill level 10 in Dodging
  1358 | D        | HP: 5/108 [hell hound/blast of flame (5)]
  1374 | D        | Reached XP level 10. HP: 20/78 MP: 0/0
  1909 | D        | Noticed a two-headed ogre
  1916 | D        | Killed a two-headed ogre
  2128 | D        | Noticed Duvessa
  2128 | D        | Noticed a smoke demon
  2128 | D        | Noticed Dowan
  2134 | D        | Killed Duvessa
  2140 | D        | Killed Dowan
  2146 | D        | Killed a smoke demon
  2147 | D        | Reached skill level 11 in Dodging
  2148 | D        | HP: 3/80 [something (18)]
  2149 | D        | Demolished by a shadow wraith

Illustrated notes

Levels and vault maps discovered:
D:        pitsprint [storerooms_1, entrance_room_1, metal_vault_5, armoury_1,
          mini_pit_1, grid_room_1, main_hall_1, silver_pit, the_coven_1,
          the_vestibule_1, steel_vault_3, golden_pit, hallway_of_sentries,
          crystal_vault_1, iron_vault_2, final_vault]

Skill      XL: |  1  2  3  4  5  6  7  8  9 10 |
---------------+-------------------------------+-----
Fighting       | 1 2 3 4 5 6 7 9 |  9.8
Long Blades    | 1 2 3 4 5 6 7 8 9 |  9.1
Dodging        | 3 4 5 7 9 10 11 | 11.0
Stealth        | 2 3 4 5 6 7 8 9 |  9.2
Spellcasting   | 3 4 5 6 7 8 |  8.2
Armour         | 2 4 5 6 8 9 |  9.0

Action                   |  1- 3 |  4- 6 |  7- 9 | 10-12 || total
-------------------------+-------+-------+-------+-------++-------
Melee: Falchion          |    13 |     8 |    38 |       ||    59
       Rapier            |       |       |    57 |       ||    57
       Scimitar          |       |       |       |    10 ||    10
 Cast: Foxfire           |    12 |     2 |     1 |       ||    15
       Scorch            |     4 |     9 |    24 |    13 ||    50
       Flame Wave        |       |       |     1 |     4 ||     5
       Momentum Strike   |       |       |       |     1 ||     1
Invok: Potion Petition   |       |       |     1 |       ||     1
  Use: Potion            |       |     3 |     6 |       ||     9
 Stab: Invisible         |       |       |     1 |       ||     1
Armor: Robe              |     2 |       |       |       ||     2
       Ring mail         |     5 |     5 |    48 |    13 ||    71
Dodge: Dodged            |    12 |     6 |   104 |    26 ||   148

Table legend: (Time is in decaauts)
 A = Elapsed time spent in this place.
 B = Non-inter-level travel time spent in this place.
 C = Inter-level travel time spent in this place.
 D = Time resting spent in this place.
 E = Time spent auto-exploring this place.
 F = Levels seen in this place.
 G = Mean time per level.
                   A        B        C        D        E       F      G
               +--------+--------+--------+--------+--------+-----+--------+
         Total |   2166 |   2102 |     64 |   1488 |      0 |   1 | 2166.0 |
       Dungeon |   2166 |   2102 |     64 |   1488 |      0 |   1 | 2166.0 |
               +--------+--------+--------+--------+--------+-----+--------+

Top non-repeatable levels by time:
       D: 2166 daAuts
